 Dungeon Crawl Stone Soup version 0.31.0-32-g396128a36d (webtiles) character file.

Game seed: 16360631420718255209

9 Marvel the Poker (level 2, -3/23 HPs)
             Began as a Merfolk Gladiator on Mar 28, 2024.
             Was a High Priest of Ignis.
             Succumbed to a kobold's poison
             ... on level 1 of the Dungeon.
             The game lasted 00:00:48 (124 turns).

Marvel the Poker (Merfolk Gladiator)                 Turns: 124, Time: 00:00:48

Health: -3/23      AC:  4    Str: 14    XL:     2   Next: 16%
Magic:  2/2        EV: 13    Int:  7    God:    Ignis [*****.]
Gold:   12         SH:  0    Dex: 15    Spells: 1/1 levels left

rFire   + . .        a - +0 trident
rCold   . . .        (no shield)
rNeg    . . .        b - +0 leather armour
rPois   .            c - +0 helmet
rElec   .            (no cloak)
rCorr   .            (no gloves)
SInv    .            (no boots)
Will    .....        (no amulet)
Stlth   +            (no ring)
HPRegen 0.23/turn    (no ring)
MPRegen 0.08/turn

%: no passive effects
@: lethally poisoned (-3 -> -18)
A: (nimble swimmer 2), mertail
a: Renounce Religion, Fiery Armour, Foxfire Swarm, Rising Flame


You were on level 1 of the Dungeon.
You worshipped Ignis.
Ignis was extremely pleased with you.
You visited 1 branch of the dungeon, and saw 1 of its levels.

You collected 12 gold pieces.

Inventory:

Hand Weapons
 a - a +0 trident (weapon)
Missiles
 d - 3 throwing nets (quivered)
 e - a javelin
Armour
 b - a +0 leather armour (worn)
 c - a +0 helmet (worn)
Scrolls
 f - a scroll of vulnerability {unknown}


   Skills:
 + Level 2.3 Fighting
 + Level 4.3 Polearms
 + Level 2.0 Throwing
 + Level 4.2 Dodging


You had one spell level left.
You didn't know any spells.
Your spell library was empty.

Dungeon Overview and Level Annotations

Branches:
Dungeon (1/15)

Altars:
Ignis


Innate Abilities, Weirdness & Mutations

((You are very nimble when in or above water. (Stealth+, EV+, Speed+++)))
Your lower body shifts to a powerful aquatic tail in water.


Message History

A jackal comes into view.
The jackal bites you but does no damage.
You are too injured to fight recklessly!
You are too injured to fight recklessly!
You are too injured to fight recklessly!
You are too injured to fight recklessly!
You are too injured to fight recklessly!
You are too injured to fight recklessly!
You are too injured to fight recklessly!
You are too injured to fight recklessly!
You are too injured to fight recklessly!
You are too injured to fight recklessly!
You are too injured to fight recklessly!
You are too injured to fight recklessly!
You are too injured to fight recklessly!
You are too injured to fight recklessly!
You are too injured to fight recklessly!
You are too injured to fight recklessly!
You are too injured to fight recklessly!
You are too injured to fight recklessly!
You are too injured to fight recklessly!
You are too injured to fight recklessly!
Okay, then.
You aren't carrying any potions.
You closely miss the kobold.
The kobold is heavily wounded.
* * * LOW HITPOINT WARNING * * *
You feel very sick.
The jackal barks!
The kobold closely misses you. The jackal barely misses you.
The jackal closely misses you. The kobold misses you.
You puncture the kobold!
You kill the kobold!
* * * LOW HITPOINT WARNING * * *
You feel very sick.
The jackal bites you but does no damage.
The jackal barely misses you. x2; The jackal closely misses you.
You hit the jackal.
You kill the jackal!
You die...

..... ##### #######
#.....# # #.....# .#
########## #.....##.####
.........###............
#..............[........
##.###...###.....h......
#.#G#...#G#.###@..Bh..>
#.###...###.# #).......
#...........# #........
#....._..†..# #........
#...........# #........
#.###...###.# #.?......
#.#G#...#G#.# #........
#.###...###.# #........
#...........#


You could see 2 jackals and a giant cockroach.

Vanquished Creatures
  2 endoplasms (D:1)
  A goblin (D:1)
  A jackal (D:1)
  2 kobolds (D:1)
  A quokka (D:1)
  A bat (D:1)
  A rat (D:1)
9 creatures vanquished.

Notes
Turn   | Place    | Note
-------+----------+-------------------------------------------
     0 | D:1      | Marvel the Merfolk Gladiator began the quest for the Orb.
     0 | D:1      | Reached XP level 1. HP: 16/16 MP: 1/1
    88 | D:1      | Noticed a great orb of eyes
    90 | D:1      | Found a faded altar of an unknown god.
    91 | D:1      | Noticed a great orb of eyes
    91 | D:1      | Noticed a golden eye
    91 | D:1      | Noticed a great orb of eyes
    94 | D:1      | Reached XP level 2. HP: 22/22 MP: 2/2
   106 | D:1      | Prayed at the altar of an unknown god.
   106 | D:1      | Became a worshipper of Ignis, the Dying Flame
   123 | D:1      | HP: 1/22 [poisoned by a kobold]
   124 | D:1      | Succumbed to a kobold's poison

Illustrated notes

Levels and vault maps discovered:
D:1:      dpeg_arrival_signposts, layout_basic,
          hellmonk_ecumenical_altar_watching_god, minmay_pentomino_o2

Action                     || total
---------------------------++-------
  Melee: Trident           ||    23
 Armour: Leather armour    ||     9
  Dodge: Dodged            ||    13
